 Dungeon Crawl Stone Soup version 0.26.1-2-gb8aa6d0cf2 (webtiles) character file.

Game seed: 17184891472402675365

11 windgrace the Chiller (level 2, 0/23 HPs)
             Began as a Draconian Wanderer on Feb 12, 2021.
             Slain by a worker ant zombie (2 damage)
             ... on level 2 of the Dungeon.
             The game lasted 00:04:08 (651 turns).

windgrace the Chiller (Draconian Wanderer)           Turns: 651, Time: 00:04:09

Health: 0/23       AC:  5    Str: 18    XL:     2   Next: 17%
Magic:  1/5        EV: 11    Int: 11    God:
Gold:   100        SH:  0    Dex:  7    Spells: 4/5 levels left

rFire    . . .     SeeInvis .   e - +0 dagger
rCold    . . .     Faith    .   (no shield)
rNeg     . . .     Spirit   .   (armour unavailable)
rPois    .         Reflect  .   (helmet restricted)
rElec    .         Harm     .   (no cloak)
rCorr    .         Rampage  .   b - +0 pair of gloves
Will     .....                  (no boots)
Stlth    ..........             (no amulet)
HPRegen  0.07/turn              j - ring of attention (curse)
MPRegen  0.09/turn              (no ring)

@: very slightly contaminated
A: unfitting armour, cold-blooded, AC +4
a: no special abilities


You were on level 2 of the Dungeon.
You visited 1 branch of the dungeon, and saw 2 of its levels.

You collected 100 gold pieces.

Inventory:

Hand Weapons
 a - a +0 club
 e - a +0 dagger (weapon)
Armour
 b - a +0 pair of gloves (worn)
Jewellery
 j - a cursed ring of attention (left hand)
Scrolls
 h - a scroll of magic mapping
 m - a scroll of fear
 n - a scroll of teleportation
Potions
 c - a potion of lignification
 d - a potion of magic {unknown}
 f - a potion of heal wounds {unknown}
 g - a potion of attraction {unknown}
 i - a potion of berserk rage {unknown}
 l - a potion of curing {unknown}


   Skills:
 + Level 1.3 Fighting
 - Level 1.7 Stealth
 - Level 2.0 Spellcasting
 + Level 1.2 Conjurations
 - Level 1.0 Translocations
 - Level 4.0 Ice Magic
 - Level 1.0 Air Magic


You had 4 spell levels left.
You knew the following spells:

 Your Spells              Type           Power        Failure   Level
a - Foxfire               Conj/Fire      8%           22%         1

Your spell library contained the following spells:

 Spells                   Type           Power        Failure   Level
 Magic Dart               Conj           12%          19%         1
 Blink                    Tloc           N/A          28%         2
 Call Imp                 Summ           1%           41%         2
 Slow                     Hex            1%           41%         2
 Mephitic Cloud           Conj/Pois/Air  2%           54%         3
 Conjure Flame            Conj/Fire      2%           56%         3


Dungeon Overview and Level Annotations

Branches:
Dungeon (2/15)

Altars:


Innate Abilities, Weirdness & Mutations

Your plain brown scales are hard. (AC +4)
You cannot fit into any form of body armour.
You are cold-blooded and may be slowed by cold attacks.


Message History

The worker ant zombie is moderately damaged.
The worker ant zombie closely misses you.
Okay, then.
You barely miss the worker ant zombie.
The worker ant zombie is moderately damaged.
The worker ant zombie barely misses you.
You barely miss the worker ant zombie. You tail-slap the worker ant zombie.
The worker ant zombie is heavily damaged.
The worker ant zombie misses you.
You barely miss the worker ant zombie.
The worker ant zombie is heavily damaged.
The worker ant zombie bites you.
* * * LOW HITPOINT WARNING * * *
You hit the worker ant zombie.
The worker ant zombie is heavily damaged.
The worker ant zombie bites you but does no damage.
You hit the worker ant zombie but do no damage.
The worker ant zombie is heavily damaged.
The worker ant zombie bites you.
You die...

#####
##..$##
+..⌠†<#
##.@Z##
#####


You could see a worker ant zombie.

Vanquished Creatures
  A leopard gecko (D:2)
  2 giant cockroaches (D:1)
  2 hobgoblins (D:1)
  A bat (D:1)
  A frilled lizard (D:1)
  4 rats (D:1)
11 creatures vanquished.

Vanquished Creatures (others)
  24 foxfires
24 creatures vanquished.

Grand Total: 35 creatures vanquished

Notes
Turn   | Place    | Note
-------+----------+-------------------------------------------
     0 | D:1      | windgrace the Draconian Wanderer began the quest for the
                  | Orb.
     0 | D:1      | windgrace set off with the following items: a +0 club, a
                  | potion of lignification, a +0 dagger; and the following
                  | spells available to memorise: Foxfire, Magic Dart, Blink,
                  | Call Imp, Slow, Mephitic Cloud, Conjure Flame
     0 | D:1      | Reached XP level 1. HP: 14/14 MP: 3/3
     2 | D:1      | Learned a level 1 spell: Foxfire
   220 | D:1      | Reached skill level 1 in Fighting
   220 | D:1      | Reached skill level 1 in Conjurations
   335 | D:1      | Reached XP level 2. HP: 23/23 MP: 1/5
   651 | D:2      | Slain by a worker ant zombie

Illustrated notes

Levels and vault maps discovered:
D:1:      lightli_arrival_chessboard, layout_rooms, minivault_25
D:2:      layout_loops_ring, grunt_ministairs_4

Skill      XL: |  1 |
---------------+----+-----
Fighting       | 1 |  1.3
Conjurations   | 1 |  1.2
Stealth        | |  1.7
Spellcasting   | |  2.0
Translocations | |  1.0
Ice Magic      | |  4.0
Air Magic      | |  1.0

Action                   || total
-------------------------++-------
Melee: Dagger            ||    29
       Tailslap          ||     6
 Cast: Foxfire           ||    14
  Use: Scroll            ||     4
Armor: Skin              ||    11
Dodge: Dodged            ||    20
